 Dungeon Crawl Stone Soup version 0.28-a0-1206-g193881aaa2 (webtiles) character file.

Game seed: 15890001694308842656

10447 enile the Fighter (level 11, -5/90 HPs)
             Began as a Formicid Fighter on Dec 21, 2021.
             Was an Initiate of Yredelemnul.
             Slain by a cane toad (14 damage)
             ... on level 1 of the Lair of Beasts.
             The game lasted 00:45:11 (17102 turns).

enile the Fighter (Formicid Fighter)               Turns: 17102, Time: 00:45:12

Health: -5/90      AC: 16    Str: 25    XL:     11   Next: 93%
Magic:  15/15      EV:  8    Int:  8    God:    Yredelemnul [......]
Gold:   472        SH:  5    Dex: 10    Spells: 10/10 levels left

rFire   . . .      SeeInvis +   h - +1 short sword (elec)
rCold   . . .      Faith    +   c - +0 buckler
rNeg    . . .      Spirit   .   G - +0 chain mail
rPois   .          Reflect  .   (helmet unavailable)
rElec   .          Harm     .   n - +2 cloak {rCorr}
rCorr   +          Rampage  .   D - +1 pair of gloves
Will    +....                   (no boots)
Stlth   ..........              e - amulet of faith
HPRegen 0.25/turn               f - ring of flight
MPRegen 0.14/turn               (no ring)

@: flying, studying Transmutations
A: permanent stasis, dig shafts and tunnels, antennae 3, four strong arms
a: Dig, Shaft Self, Renounce Religion, Recall Undead Harvest


You were on level 1 of the Lair of Beasts.
You worshipped Yredelemnul.
Yredelemnul was noncommittal.
You visited 3 branches of the dungeon, and saw 12 of its levels.
You also visited: Sewer and Ossuary.

You collected 727 gold pieces.
You spent 255 gold pieces at shops.

Inventory:

Hand Weapons
 a - a +0 quarterstaff of flaming
 g - a +2 short sword of venom
 h - a +1 short sword of electrocution (weapon)
 l - a +0 falchion
 t - a +1 short sword of protection
 x - a +2 short sword of speed
 R - a +1 rapier of draining
 W - a +1 falchion of draining
Missiles
 k - 3 boomerangs
 u - 371 stones
 F - 68 poisoned darts
Armour
 b - a +0 scale mail
 c - a +0 buckler (worn)
 n - a +2 cloak of preservation (worn)
 D - a +1 pair of gloves (worn)
 G - a +0 chain mail (worn)
 H - a +0 pair of boots
 U - a +0 buckler
Jewellery
 e - an amulet of faith (around neck)
 f - a ring of flight (left hand)
 T - a +4 ring of evasion
Wands
 s - a wand of polymorph (1)
 E - a wand of paralysis (9)
 M - a wand of flame (44) (quivered)
 Q - a wand of acid (3)
Scrolls
 i - 3 scrolls of noise
 j - 5 scrolls of blinking
 o - 5 scrolls of immolation {unknown}
 y - 2 scrolls of brand weapon
 C - 6 scrolls of teleportation
 I - 2 scrolls of torment
 J - 6 scrolls of vulnerability {unknown}
 O - a scroll of enchant armour {unknown}
 P - 3 scrolls of magic mapping {unknown}
 S - a scroll of amnesia {unknown}
 V - a scroll of identify
 X - a scroll of fog {unknown}
Potions
 d - 3 potions of might
 m - 3 potions of lignification
 p - 9 potions of degeneration
 q - a potion of ambrosia {unknown}
 r - a potion of curing
 v - a potion of mutation {unknown}
 w - a potion of magic {unknown}
 z - 2 potions of brilliance {unknown}
 A - 6 potions of invisibility
 B - 4 potions of haste
 K - a potion of attraction {unknown}
 L - a potion of resistance {unknown}


   Skills:
 - Level 10.0 Fighting
 - Level 4.0 Short Blades
 + Level 7.6 Staves
 - Level 6.0 Throwing
 - Level 7.0 Armour
 - Level 7.0 Stealth
 - Level 6.0 Shields
 - Level 6.0 Invocations
 - Level 7.0 Evocations


You had 10 spell levels left.
You didn't know any spells.
Your spell library contained the following spells:

 Spells                   Type           Power      Damage    Failure   Level
 Beastly Appendage        Tmut           0%         N/A       94%         1
 Pain                     Necr           0%         1d4       94%         1
 Summon Small Mammal      Summ           0%         N/A       94%         1
 Corpse Rot               Necr/Air       0%         N/A       98%         2
 Passwall                 Tmut/Erth      0%         N/A       98%         2
 Sublimation of Blood     Necr           0%         N/A       98%         2
 Wereblood                Tmut           0%         N/A       98%         2
 Call Canine Familiar     Summ           0%         N/A       100%        3
 Conjure Flame            Conj/Fire      0%         6-21      100%        3
 Dazzling Flash           Conj/Hex       0%         N/A       100%        3
 Ignite Poison            Fire/Tmut/Pois 0%         N/A       100%        3
 Spider Form              Tmut/Pois      0%         N/A       100%        3
 Summon Guardian Golem    Hex/Summ       0%         N/A       100%        3
 Vampiric Draining        Necr           0%         2d6       100%        3
 Animate Dead             Necr           0%         N/A       100%        4
 Dispel Undead            Necr           0%         3d6       100%        4
 Hailstorm                Conj/Ice       0%         3d3       100%        4
 Ice Form                 Ice/Tmut       0%         N/A       100%        4
 Sticky Flame             Conj/Fire      0%         2d3       100%        4
 Agony                    Necr           0%         N/A       100%        5
 Excruciating Wounds      Necr           0%         N/A       100%        5
 Silence                  Hex/Air        0%         N/A       100%        5
 Simulacrum               Ice/Necr       0%         N/A       100%        6
 Swiftness                Air            Unusable   N/A       N/A         3
 Death Channel            Necr           Unusable   N/A       N/A         6

Dungeon Overview and Level Annotations

Branches:
Dungeon (10/15)            Temple (1/1) D:4            Lair (1/6) D:8
    Orc (0/2) D:9           Sewer (visited)         Ossuary (visited)

Altars:
Ashenzari
Cheibriados
Dithmenos
Elyvilon
Fedhas
Gozag
Hepliaklqana
Kikubaaqudgha
Makhleb
Nemelex Xobeh
Okawaru
Qazlal
Ru
Sif Muna
Trog
Uskayaw
Vehumet
Wu Jian
Xom
Yredelemnul
Zin
The Shining One

Shops:
D:2 (   D:5 :   D:7 :   D:9 !   D:10 *

Annotations:
D:5 2 transporters


Innate Abilities, Weirdness & Mutations

You cannot be hasted, slowed, berserked, paralysed or teleported.
You can dig through walls and to a lower floor.
You have a pair of large antennae on your head. (SInv)
Your four strong arms can wield two-handed weapons with a shield.


Message History

Press: ? - help, Q - select action, (/) - cycle Shift-Dir - straight line, f/p - cane toad
Aim: a cane toad (severely wounded, ally target, 77% to hit)
Really fire in your cane toad's direction?
Okay, then.
Aiming: Throw Flame
Press: ? - help, Q - select action, (/) - cycle Shift-Dir - straight line, f/p - cane toad
Aim: a cane toad (severely wounded, ally target, 77% to hit)
Really fire in your cane toad's direction?
Okay, then.
Okay, then.
The cane toad stings you but does no damage.
The cane toad stings you.
* * * LOW HITPOINT WARNING * * *
Your cane toad closely misses the cane toad.
The cane toad stings you but does no damage.
Your cane toad barely misses the cane toad.
The cane toad misses you.
Your cane toad stings the cane toad!
The cane toad barely misses you.
Your cane toad misses the cane toad.
There is a staircase back to the Dungeon here.
You closely miss the cane toad.
The cane toad is almost dead.
The cane toad stings you!
* * * LOW HITPOINT WARNING * * *
You are lethally poisoned!
The cane toad poisons you!
Unknown command.
You feel better.
Your cane toad stings the cane toad.
The cane toad stings you.
* * * LOW HITPOINT WARNING * * *
You are lethally poisoned!
The cane toad poisons you!
Your cane toad closely misses the cane toad.
Okay, then.
* * * LOW HITPOINT WARNING * * *
You feel very sick.
You feel better. The cane toad stings you!
You die...
Your body rises from the dead as a mindless zombie.

#..........##
#....Y......#
##..........P#
#......l....##
##....Y###.##
#..P..##### ##.#P.F.P##
#..###F...####
#.....@.......
##.............
#..P...........
###..............
########................
#P##.....#.............#
.........###...........#
###.....## ####......###
####P## ########


You could see a komodo dragon, 2 yaks, a cane toad (ally target) and a friendly
cane toad (summoned).

Vanquished Creatures
  2 two-headed ogres
  Pikel (D:5)
  A cyclops (D:8)
  A cane toad (Lair:1)
  A hornet (D:7)
  Grinder (D:4)
  A boulder beetle zombie (D:5)
  Sigmund (D:6)
  A wraith (D:9)
  8 yaks
  Eustachio (D:6)
  7 water moccasins
  2 two-headed ogre skeletons
  3 ice beasts
  3 orc warriors
  2 sky beasts (D:6)
  A swamp drake (D:9)
  3 black bears
  A necrophage (D:4)
  A manticore zombie (D:8)
  An elf zombie (D:7)
  2 ogres
  2 centaurs
  A manticore skeleton (D:7)
  A phantom (D:6)
  3 lemures (D:5)
  2 kobold brigands (Sewer)
  3 bullfrogs
  A gnoll sergeant (D:6)
  A scorpion (D:7)
  3 water moccasin zombies
  A water moccasin skeleton (D:5)
  A cyclops skeleton (D:6)
  A wyvern skeleton (D:7)
  2 yak zombies
  5 killer bees (D:8)
  A troll zombie (D:5)
  A jelly (D:6)
  5 centaur zombies
  4 bullfrog skeletons
  2 hounds
  A black bear zombie (D:6)
  A bullfrog zombie (D:6)
  4 centaur skeletons
  4 orc priests
  6 iguanas
  5 orc wizards
  An ogre zombie (D:5)
  2 mummies (Ossuary)
  2 howler monkey zombies
  A howler monkey skeleton (D:7)
  4 gnolls
  2 river rats
  8 adders
  A white imp (D:5)
  An ufetubus (D:4)
  7 adder zombies (Ossuary)
  2 orc skeletons
  8 worms
  5 dart slugs
  27 orcs
  2 bats
  8 endoplasms
  A giant cockroach (D:1)
  4 gnoll zombies
  10 goblins
  7 hobgoblins
  4 jackals (D:1)
  3 quokkas
  6 ball pythons
  2 ball python skeletons (D:7)
  6 frilled lizards
  A goblin skeleton (D:7)
  A goblin zombie (D:7)
  7 hobgoblin zombies
  11 kobolds
  A kobold skeleton (D:8)
  6 kobold zombies (Ossuary)
  7 orc zombies
  A quokka zombie (D:7)
  11 rats
276 creatures vanquished.

Vanquished Creatures (collateral kills)
  A centaur zombie (D:7)
  A troll (D:9)
  6 yaks
  A water moccasin (D:6)
  An orc warrior (D:9)
  A sky beast (D:6)
  An ogre (D:9)
  A centaur (D:9)
  A centaur skeleton (D:7)
  A gnoll shaman (D:5)
  3 orc priests
  An orc wizard (D:8)
  A howler monkey zombie (D:5)
  4 gnolls
  A howler monkey skeleton (D:5)
  A shadow imp (D:7)
  An ufetubus (D:6)
  An orc zombie (D:7)
  A gnoll skeleton (D:7)
  9 orcs
  A dart slug zombie (D:7)
  A frilled lizard zombie (D:8)
40 creatures vanquished.

Vanquished Creatures (others)
  A two-headed ogre zombie (D:9)
  A hornet zombie (D:7)
  A water moccasin zombie (D:7)
  A troll zombie (D:9)
  A spectral ice beast (D:7)
  9 yak zombies
  2 bullfrog zombies (Lair:1)
  3 black bear zombies
  A centaur zombie (D:5)
  2 killer bee zombies (D:8)
  An ogre zombie (D:5)
  A human zombie (D:6)
  An iguana zombie (D:7)
  A spectral white imp (D:5)
  A spectral shadow imp (D:7)
  6 gnoll zombies
  23 orc zombies
  A quokka zombie (D:5)
  A plant (Lair:1)
58 creatures vanquished.

Grand Total: 374 creatures vanquished

Notes
Turn   | Place    | Note
-------+----------+-------------------------------------------
     0 | D:1      | enile the Formicid Fighter began the quest for the Orb.
     0 | D:1      | Reached XP level 1. HP: 18/18 MP: 1/1
   247 | D:1      | Reached XP level 2. HP: 24/24 MP: 2/2
   388 | D:1      | Reached skill level 4 in Fighting
   435 | D:1      | Reached XP level 3. HP: 26/30 MP: 3/3
  1299 | D:2      | Found Sabris's Weapon Emporium.
  1312 | D:2      | Reached XP level 4. HP: 35/37 MP: 4/4
  1705 | D:2      | Reached skill level 1 in Stealth
  1884 | D:2      | Found a shimmering blue altar of Sif Muna.
  1934 | D:2      | Found a faded altar of an unknown god.
  1937 | D:2      | Prayed at the altar of an unknown god.
  1937 | D:2      | Became a worshipper of Kikubaaqudgha
  1937 | D:2      | Reached * piety under Kikubaaqudgha
  1937 | D:2      | Received a gift from Kikubaaqudgha
  2237 | D:3      | Reached XP level 5. HP: 42/42 MP: 5/5
  2358 | D:3      | Found a glowing drain.
  2365 | Sewer    | Entered a sewer
  2377 | Sewer    | Reached ** piety under Kikubaaqudgha
  3131 | Sewer    | Noticed a kobold brigand
  3131 | Sewer    | Noticed a kobold brigand
  3301 | Sewer    | Killed a kobold brigand
  3301 | Sewer    | Killed a kobold brigand
  3302 | Sewer    | Reached skill level 5 in Fighting
  3302 | Sewer    | Reached XP level 6. HP: 30/51 MP: 6/6
  3671 | D:3      | Found a blossoming altar of Fedhas.
  3915 | D:3      | Found a radiant altar of Vehumet.
  4276 | D:4      | Reached skill level 5 in Shields
  4282 | D:4      | Reached skill level 1 in Evocations
  4413 | D:4      | Found a shimmering altar of Xom.
  4417 | D:4      | Reached XP level 7. HP: 55/56 MP: 7/7
  4421 | D:4      | Identified a scroll of acquirement
  4424 | D:4      | Acquired a +2 cloak of preservation
  4575 | D:4      | Reached *** piety under Kikubaaqudgha
  4575 | D:4      | Received a gift from Kikubaaqudgha
  4576 | D:4      | Reached skill level 1 in Throwing
  4693 | D:4      | Noticed Grinder
  4720 | D:4      | Killed Grinder
  4721 | D:4      | Reached XP level 8. HP: 17/62 MP: 8/8
  5007 | D:4      | Found a staircase to the Ecumenical Temple.
  5228 | Temple   | Entered the Ecumenical Temple
  5432 | Temple   | Fell from the grace of Kikubaaqudgha
  5432 | Temple   | Became a worshipper of Yredelemnul the Dark
  5484 | D:5      | Entered Level 5 of the Dungeon
  5510 | D:5      | Reached skill level 5 in Stealth
  5619 | D:5      | Found a transporter.
  5621 | D:5      | Found Qeidwidgh's Book Boutique.
  5628 | D:5      | Reached * piety under Yredelemnul
  5693 | D:5      | Reached ** piety under Yredelemnul
  5714 | D:5      | Reached *** piety under Yredelemnul
  6203 | D:5      | Reached skill level 6 in Fighting
  6203 | D:5      | Reached XP level 9. HP: 47/69 MP: 12/12
  6721 | D:5      | Reached skill level 7 in Fighting
  6967 | D:5      | Noticed Pikel
  7005 | D:5      | You are sucked into a shaft and drop 3 floors!
  7256 | D:8      | Noticed a cyclops
  7324 | D:8      | Found a sand-covered staircase.
  7338 | Ossuary  | Entered an ossuary
  7393 | Ossuary  | Reached skill level 5 in Armour
  8184 | D:8      | Killed a cyclops
  8624 | D:7      | Reached skill level 8 in Fighting
  9017 | D:7      | Reached XP level 10. HP: 80/80 MP: 13/13
  9096 | D:7      | Found a shimmering blue altar of Sif Muna.
  9173 | D:7      | Reached skill level 5 in Staves
  9642 | D:7      | Found Zanguv's Book Emporium.
  9734 | D:7      | Reached skill level 9 in Fighting
  9959 | D:7      | Reached skill level 5 in Evocations
 10413 | D:6      | Was forgiven by Kikubaaqudgha
 10421 | D:6      | Noticed Eustachio
 10431 | D:6      | Noticed Sigmund
 10501 | D:6      | Killed Sigmund
 10517 | D:6      | Your ally Sigmund died
 10556 | D:6      | Killed Eustachio
 10760 | D:6      | Reached skill level 5 in Invocations
 10993 | D:6      | Found a sparkling altar of Nemelex Xobeh.
 11986 | D:5      | Killed Pikel
 11987 | D:5      | Reached skill level 5 in Throwing
 12076 | D:5      | Found a transporter.
 12089 | D:5      | Found an iron altar of Okawaru.
 12163 | D:5      | Found an opulent altar of Gozag.
 12231 | D:5      | Reached XP level 11. HP: 88/89 MP: 14/14
 13076 | D:8      | Noticed a two-headed ogre
 13118 | D:8      | Killed a two-headed ogre
 13382 | D:8      | Found a staircase to the Lair.
 14649 | D:9      | Noticed a two-headed ogre
 14657 | D:9      | Killed a two-headed ogre
 14658 | D:9      | Reached skill level 10 in Fighting
 15136 | D:9      | Reached **** piety under Yredelemnul
 15145 | D:9      | Found a staircase to the Orcish Mines.
 15632 | D:9      | Found Novuc's Distillery.
 15641 | D:9      | Bought a potion of invisibility for 120 gold pieces
 15641 | D:9      | Bought a potion of curing for 45 gold pieces
 15641 | D:9      | Bought a potion of curing for 45 gold pieces
 15641 | D:9      | Bought a potion of lignification for 45 gold pieces
 16308 | D:10     | Entered Level 10 of the Dungeon
 16467 | D:10     | Found Acuasan's Serpentskin Sales.
 16950 | Lair:1   | Entered Level 1 of the Lair of Beasts
 17099 | Lair:1   | HP: 1/90 [cane toad (11)]
 17102 | Lair:1   | Slain by a cane toad

Illustrated notes

Levels and vault maps discovered:
D:1:      dpeg_arrival_rhombus, layout_basic
D:2:      layout_rooms, basic_altar, shapermc_ecumenical_altar_mp_vishouse,
          serial_shops, nicolae_shop_bloodbath_and_beyond
D:3:      layout_basic, mainiacjoe_overflow_swirl, lightli_sewer_entry_pipes
D:4:      layout_cave_pools, old_standard_altar, temple_pool_b,
          minmay_misc_feat_roman, st_stairs_2, uniq_grinder
D:5:      layout_basic, mainiacjoe_overflow_catch_the_wave, serial_shops,
          nicolae_shop_stone, gammafunk_ghost_abyssal_escape,
          kennysheep_cross_room, guppyfry_early_orc_mine, uniq_pikel
D:6:      layout_basic, mainiacjoe_overflow_alcove_4, uniq_eustachio,
          uniq_sigmund
D:7:      kennysheep_six_static_rooms, layout_loops_ring,
          nicolae_sif_muna_little_library, serial_shops, shop
D:8:      layout_basic, lair_entry_dummy, nicolae_ossuary_entry_monument,
          kennysheep_generic_room_9
D:9:      layout_loops_ring, erik_orc_1, serial_shops, shop
D:10:     layout_gridville, nicolae_trove_entry_isolated, dk_noncrumbling_3,
          guppyfry_shop_venom
Temple:   regret_index_temple_generic_petals
Lair:1:   layout_cave_pods, grunt_megastairs_5

Skill      XL: |  1  2  3  4  5  6  7  8  9 10 11 |
---------------+----------------------------------+-----
Fighting       | 4 5 6 8 9 10 | 10.0
Armour         | 4 5 7 |  7.0
Staves         | 3 4 7 |  7.6
Stealth        | 2 3 4 5 7 |  7.0
Short Blades   | 2 3 4 |  4.0
Shields        | 4 5 6 |  6.0
Evocations     | 1 2 4 6 7 |  7.0
Throwing       | 3 4 5 6 |  6.0
Invocations    | 4 5 6 |  6.0

Action                   |  1- 3 |  4- 6 |  7- 9 | 10-12 || total
-------------------------+-------+-------+-------+-------++-------
Melee: Quarterstaff      |    97 |       |   166 |   449 ||   712
       Short sword       |     9 |   183 |   310 |    24 ||   526
Throw: Boomerang         |     3 |    10 |     8 |     3 ||    24
       Dart              |       |       |       |    24 ||    24
Invok: Dark Bargain      |       |       |     1 |       ||     1
 Abil: Dig               |       |     4 |     7 |     6 ||    17
       Shaft Self        |       |       |     1 |       ||     1
Evoke: Wand              |       |     3 |    21 |    17 ||    41
  Use: Scroll            |     1 |     3 |     6 |     8 ||    18
       Potion            |     2 |       |     1 |     9 ||    12
 Stab: Paralysed         |       |       |       |    15 ||    15
       Distracted        |       |       |       |     1 ||     1
       Invisible         |       |       |       |     1 ||     1
Armor: Scale mail        |    54 |    60 |   230 |       ||   344
       Chain mail        |       |       |     9 |   291 ||   300
Dodge: Dodged            |    52 |    67 |   201 |   169 ||   489
Block: Buckler           |    35 |    32 |   111 |   118 ||   296

Table legend: (Time is in decaauts)
 A = Elapsed time spent in this place.
 B = Non-inter-level travel time spent in this place.
 C = Inter-level travel time spent in this place.
 D = Time resting spent in this place.
 E = Time spent auto-exploring this place.
 F = Levels seen in this place.
 G = Mean time per level.
                   A        B        C        D        E       F      G
               +--------+--------+--------+--------+--------+-----+--------+
         Total |  17322 |  16475 |    847 |   1553 |  11279 |  14 | 1237.3 |
       Dungeon |  15311 |  14524 |    787 |   1395 |  10163 |  10 | 1531.1 |
        Temple |    242 |    184 |     58 |      0 |    174 |   1 |  242.0 |
          Lair |    150 |    150 |      0 |      0 |     74 |   1 |  150.0 |
         Sewer |   1282 |   1282 |      0 |    153 |    708 |   1 | 1282.0 |
       Ossuary |    335 |    335 |      0 |      5 |    160 |   1 |  335.0 |
               +--------+--------+--------+--------+--------+-----+--------+

Top non-repeatable levels by time:
     D:7: 2429 daAuts
     D:8: 2370 daAuts
     D:5: 2141 daAuts
     D:9: 1861 daAuts
     D:6: 1494 daAuts
   Sewer: 1282 daAuts
     D:4: 1269 daAuts
     D:3: 1160 daAuts
     D:2: 1105 daAuts
     D:1: 907 daAuts
    D:10: 571 daAuts
 Ossuary: 335 daAuts
  Temple: 242 daAuts
  Lair:1: 150 daAuts
